 Dungeon Crawl Stone Soup version 0.30.0-20-g3b4254fcbd (webtiles) character file.

Game seed: 16607660538029181498

9 Levsong the Sneak (level 2, -1/17 HPs)
             Began as a Kobold Brigand on June 2, 2023.
             Slain by a jackal (3 damage)
             ... on level 1 of the Dungeon.
             The game lasted 00:02:19 (240 turns).

Levsong the Sneak (Kobold Brigand)                   Turns: 240, Time: 00:02:20

Health: -1/17      AC:  3    Str:  8    XL:     2   Next: 25%
Magic:  2/2        EV: 14    Int: 12    God:
Gold:   43         SH:  0    Dex: 16    Spells: 1/1 levels left

rFire   . . .        a - +2 dagger
rCold   . . .        (no shield)
rNeg    . . .        b - +0 robe
rPois   .            (no helmet)
rElec   .            c - +0 cloak
rCorr   .            (no gloves)
SInv    .            (no boots)
Will    .....        (no amulet)
Stlth   ++++         (no ring)
HPRegen 0.22/turn    (no ring)
MPRegen 0.08/turn

%: no passive effects
@: no status effects
A: small, no large weapons, nightstalker 3
a: no special abilities


You were on level 1 of the Dungeon.
You visited 1 branch of the dungeon, and saw 1 of its levels.

You collected 43 gold pieces.

Inventory:

Hand Weapons
 a - a +2 dagger (weapon)
Missiles
 d - 7 poisoned darts (quivered)
 e - 3 curare-tipped darts
Armour
 b - a +0 robe (worn)
 c - a +0 cloak (worn)
Scrolls
 g - 2 scrolls of torment


   Skills:
 + Level 2.1 Fighting
 + Level 2.6 Short Blades
 + Level 2.1 Throwing
 + Level 1.2 Dodging
 + Level 6.1 Stealth


You had one spell level left.
You didn't know any spells.
Your spell library was empty.

Dungeon Overview and Level Annotations

Branches:
Dungeon (1/15)

Altars:


Innate Abilities, Weirdness & Mutations

You are small and have problems with some larger weapons.
You are completely attuned to the shadows.


Message History

The poisoned dart closely misses the ball python.
The jackal closely misses you. The ball python barely misses you.
The ball python constricts you. The jackal bites you.
* * * LOW HITPOINT WARNING * * *
Throw: 8 darts (poison)
Press: ? - help, Q - select action, (/) - cycle Shift-Dir - straight line, f - jackal, p - ball python
Aim: a jackal (55% to hit)
You throw a poisoned dart. The poisoned dart hits the jackal.
The jackal is poisoned.
The jackal barely misses you. The jackal bites you.
* * * LOW HITPOINT WARNING * * *
The ball python barely misses you. The ball python constricts you.
The jackal bites you but does no damage.
You escape the ball python's grasp.
The jackal attacks as you move away! The jackal closely misses you.
The jackal misses you. The jackal attacks as you move away!
The jackal misses you. x2
The jackal barely misses you.
You hit the jackal.
The jackal is almost dead.
The jackal barely misses you. x2
You barely miss the jackal.
The jackal is almost dead.
The jackal misses you. The ball python barely misses you. x2
The jackal misses you. The jackal closely misses you.
You hit the jackal.
You kill the jackal!
The jackal looks more healthy.
The ball python barely misses you. The ball python misses you.
The jackal completely misses you. The ball python barely misses you. x2
The jackal attacks as you move away! The jackal bites you.
* * * LOW HITPOINT WARNING * * *
The jackal bites you.
* * * LOW HITPOINT WARNING * * *
The jackal barely misses you.
The ball python attacks as you move away!
The ball python bites you but does no damage.
The ball python closely misses you. The jackal attacks as you move away!
The jackal closely misses you. The jackal attacks as you move away!
The jackal bites you.
You die...

#.#...##.#
#..(.#......
#.###.....
#.##........
...>......
......(.....
.###.#...
##...#..##...
#.######............
#.####..............
#........#....†....
#....... #...S.....
#.....## #..@h.$...
#######.###
##.........
.....##.#
##.....##..#
).......#
##..####....#
......#####..## .#
## ..†........)##
..)..######## .....#
.....#


You could see a jackal and a ball python.

Vanquished Creatures
  A goblin (D:1)
  A hobgoblin (D:1)
  3 jackals (D:1)
  3 ball pythons (D:1)
  A rat (D:1)
9 creatures vanquished.

Notes
Turn   | Place    | Note
-------+----------+-------------------------------------------
     0 | D:1      | Levsong the Kobold Brigand began the quest for the Orb.
     0 | D:1      | Reached XP level 1. HP: 12/12 MP: 1/1
   215 | D:1      | Reached XP level 2. HP: 16/17 MP: 2/2
   218 | D:1      | Reached skill level 6 in Stealth
   240 | D:1      | Slain by a jackal

Illustrated notes

Levels and vault maps discovered:
D:1:      minmay_arrival_plants_in_alcoves, layout_rooms

Skill      XL: |  1  2 |
---------------+-------+-----
Stealth        | 6 |  6.1
Fighting       | |  2.1
Short Blades   | |  2.6
Throwing       | |  2.1
Dodging        | |  1.2

Action                     || total
---------------------------++-------
  Melee: Dagger            ||    26
         Punch             ||     1
  Throw: Dart              ||     2
    Use: Scroll            ||     2
   Stab: Sleeping          ||     2
         Distracted        ||     2
 Armour: Robe              ||     9
  Dodge: Dodged            ||    41
